Construct Weapon Support Center
Construct Medical Station
M3 Armored Personnel Carrier
Selects Airborne Battlegroup
Selects Paratrooper Squad Paradrop
Selects Smoke Bombing Run
Selects Carpet Bombing Run
M4(105) Sherman Bulldozer
Improved M9 Bazooka Rockets
M4(105) Sherman Bulldozer
Selects Anti-tank Gun Team Paradrop
Anti-tank Gun Team Paradrop
Anti-tank Gun Team Paradrop
M18 Hellcat Tank Destroyer
M18 Hellcat Tank Destroyer
Paratrooper Squad Paradrop
M4(105) Sherman Bulldozer